 Dungeon Crawl Stone Soup version 0.31.0-10-gcf4a605ca0 (webtiles) character file.

Game seed: 899022328774514270

1079 Flugkiller the Ruffian (level 8, 15/78 HPs)
             Began as a Troll Enchanter on Jan 25, 2024.
             Quit the game on level 6 of the Dungeon.
             The game lasted 00:03:05 (3839 turns).

Flugkiller the Ruffian (Troll Enchanter)            Turns: 3839, Time: 00:03:05

Health: 15/78      AC:  4    Str: 19    XL:     8   Next: 8%
Magic:  8/8        EV:  9    Int: 11    God:
Gold:   218        SH:  0    Dex: 10    Spells: 9/9 levels left

rFire   . .          .
                       - Unarmed
rCold   . . .        (no shield)
rNeg    . . .        b - +0 robe
rPois   .            (helmet currently unavailable)
rElec   .            (cloak currently unavailable)
rCorr   .            (gloves unavailable)
SInv    .            (boots unavailable)
Will    .....        (no amulet)
Stlth   ++           (no ring)
HPRegen 1.13/turn    (no ring)
MPRegen 0.11/turn

%: no passive effects
@: beast-form
A: beast (slay +2), large, unfitting armour, claws 3, regeneration 1, shaggy fur
1, tough skin 1
a: Begin Untransformation


You were on level 6 of the Dungeon.
You were a hulking beast.
You visited 1 branch of the dungeon, and saw 6 of its levels.

You collected 218 gold pieces.

Inventory:

Missiles
 a - 4 atropa-tipped darts (quivered)
 c - 4 javelins
 d - 2 boomerangs
 h - a throwing net
Armour
 b - a +0 robe (worn)
Jewellery
 g - a ring of wizardry
   (You found it on level 5 of the Dungeon)
Talismans
 f - a beast talisman (active)
   (You found it on level 5 of the Dungeon)
Wands
 e - a wand of polymorph (10)
   (You found it on level 4 of the Dungeon)


   Skills:
 + Level 3.7 Fighting
 - Level 0.7 Short Blades
 - Level 1.5 Dodging
 - Level 1.5 Stealth
 * Level 6.5 Unarmed Combat
 - Level 1.2 Spellcasting
 - Level 2.0 Hexes
 * Level 4.0 Shapeshifting


You had 9 spell levels left.
You didn't know any spells.
Your spell library contained the following spells:

 Spells                   Type           Power      Damage    Failure   Level
 Freeze                   Ice            0%         1d3       32%         1
 Ensorcelled Hibernation  Hex/Ice        4%         N/A       32%         2
 Confusing Touch          Hex            5%         N/A       38%         3
 Tukima's Dance           Hex            5%         N/A       38%         3
 Cigotuvi's Dreadful Rot  Necr/Alch/Air  0%         N/A       43%         2
 Dazzling Flash           Conj/Hex       4%         N/A       54%         3
 Frozen Ramparts          Ice            0%         1d1       67%         3
 Hailstorm                Conj/Ice       0%         3d5       67%         3
 Ignite Poison            Fire/Alch      0%         N/A       97%         4
 Passage of Golubria      Tloc           0%         N/A       97%         4
 Silence                  Hex/Air        1%         N/A       99%         5
 Freezing Cloud           Conj/Ice/Air   0%         6-21      100%        5
 Summon Forest            Summ/Tloc      0%         N/A       100%        5
 Eringya's Noxious Bog    Alch           0%         4d6       100%        6
 Summon Hydra             Summ           0%         N/A       100%        7
 Lehudib's Crystal Spear  Conj/Erth      0%         10d2      100%        8


Dungeon Overview and Level Annotations

Branches:
Dungeon (6/15) Zot: 26947
 Temple: D:4-7

Altars:
Dithmenos

Shops:
D:2 :   D:5 =


Innate Abilities, Weirdness & Mutations

You are a hulking beast.
Your limbs bulge with bestial killing power. (Slay +2)
You are too large for most types of armour.
You have claws for hands.
Your natural rate of healing is unusually fast.
You are covered in fur. (AC +1)
You have tough skin. (AC +1)


Message History

The gnoll hits you with a +0 club.
You claw the gnoll!
You kill the gnoll!
No target in view!
No target in view!
No target in view!
No target in view!
No target in view!
You now have 218 gold pieces (gained 11).
Found a shadowy altar of Dithmenos.
No target in view!
Things that are here:
a +0 club; a gnoll corpse Done exploring.
Done exploring.
No target in view!
No target in view!
No target in view!
You begin transforming.
You continue transforming. x3
You turn into a hulking beast.
Search for what [Enter for "talis", or ? for help]? armor
Okay, then.
You don't know any spells.
Unknown command.
Done exploring.
Done exploring.
Unknown command.
Done exploring.
Done exploring.
There is a stone staircase leading down here.
You climb downwards.
Found a coppery potion.
There is a stone staircase leading up here.
An adder is nearby!
Unknown command.
An adder is nearby!
Found a leather armour.
The adder hisses angrily.
The adder bites you but does no damage.
You barely miss the adder. The adder bites you.
You claw the adder!
You kill the adder!
Your Shapeshifting skill increases to level 4!
No target in view!
No target in view! 2 ufetubi come into view.
There are monsters nearby!
There are monsters nearby!
Unknown command.
The ufetubus barely misses you. x2
You miss the ufetubus. The ufetubus slips past you! The ufetubus hits you. x2
You mangle the ufetubus!!
You kill the ufetubus!
The ufetubus shouts!
The ufetubus barely misses you. The ufetubus hits you.
You closely miss the ufetubus.
The ufetubus hits you but does no damage.
The ufetubus misses you.
You closely miss the ufetubus. The ufetubus misses you. The ufetubus hits you.
You miss the ufetubus. The ufetubus hits you. The ufetubus barely misses you.
You closely miss the ufetubus. The ufetubus barely misses you.
The ufetubus completely misses you. The ufetubus barely misses you.
The ufetubus hits you.
You scratch the ufetubus.
The ufetubus is severely wounded.
The ufetubus hits you but does no damage.
The ufetubus barely misses you.
You claw the ufetubus!
You kill the ufetubus!
No target in view!
No target in view!
HP restored.
A steam dragon comes into view.
A steam dragon is nearby!
A steam dragon is nearby!
Found a stone staircase leading down.
Found an escape hatch in the ceiling.
An orc comes into view. It is wielding a +0 trident.
The steam dragon breathes steam at you. The ball of steam hits you!
You hear a shout! x2; You hear a bark!
You are engulfed in a cloud of scalding steam.
An orc wizard comes into view. It is wielding a +2 dagger of venom.
The steam dragon breathes steam at you. The ball of steam hits you!
The orc wizard shouts!
You hear a shout!
An orc wizard comes into view. It is wielding a +0 dagger.
The steam dragon breathes steam at you. The ball of steam misses you.
You are engulfed in a cloud of scalding steam.
You are engulfed in a cloud of scalding steam.
The orc wizard gestures at you while chanting.
You resist with some effort. The steam dragon breathes steam at you.
The ball of steam hits you!
* * * LOW HITPOINT WARNING * * *
The orc wizard casts a spell at you. The puff of flame hits you!
* * * LOW HITPOINT WARNING * * *
Are you sure you want to abandon this character and quit the game? (Confirm with "yes".)

#.##.### ##......##
##.......!# #.......#.#
####.......##
##.###.<..##.#.
#....#..##.....
####....#.........
##.##h.##......[.##
##..#.............#
#.............###...
##.......#.#........
###....D..###...... .
#....##...# #........
####....#.ยง.##
.........
#..#....#..o###.....##..
#.......D...........# ..


You could see a steam dragon and an orc wizard.

Vanquished Creatures
  A sky beast (D:5)
  An ice beast (D:5)
  3 black bears
  A phantom (D:4)
  3 scorpions (D:5)
  2 bombardier beetles
  A hound (D:2)
  An iguana (D:5)
  A sleepcap (D:5)
  An orc wizard (D:4)
  Terence (D:2)
  4 gnolls (D:5)
  4 adders
  2 ufetubi (D:6)
  A dart slug (D:1)
  A ribbon worm (D:2)
  10 orcs
  5 ball pythons
  5 bats
  10 endoplasms
  4 giant cockroaches
  4 goblins
  7 hobgoblins
  4 quokkas
  2 frilled lizards
  8 kobolds
  9 rats
96 creatures vanquished.

Notes
Turn   | Place    | Note
-------+----------+-------------------------------------------
     0 | D:1      | Flugkiller the Troll Enchanter began the quest for the Orb.
     0 | D:1      | Reached XP level 1. HP: 16/16 MP: 1/1
    99 | D:1      | Reached skill level 1 in Unarmed Combat
   183 | D:1      | Reached XP level 2. HP: 26/26 MP: 2/2
   430 | D:1      | Reached skill level 1 in Fighting
   499 | D:1      | Reached skill level 2 in Unarmed Combat
   565 | D:1      | Reached XP level 3. HP: 33/33 MP: 3/3
   714 | D:2      | Found Icuim's Book Shop.
   724 | D:2      | Noticed Terence
   732 | D:2      | Killed Terence
   971 | D:2      | Reached XP level 4. HP: 41/41 MP: 4/4
   984 | D:2      | Reached skill level 3 in Unarmed Combat
  1510 | D:3      | Found a faded altar of an unknown god.
  2157 | D:4      | Noticed a black bear
  2168 | D:4      | Killed a black bear
  2169 | D:4      | Reached skill level 4 in Unarmed Combat
  2169 | D:4      | Reached XP level 5. HP: 44/50 MP: 5/5
  2293 | D:4      | Reached XP level 6. HP: 53/59 MP: 6/6
  2375 | D:4      | Reached skill level 5 in Unarmed Combat
  2790 | D:5      | Entered Level 5 of the Dungeon
  2790 | D:5      | Noticed a water moccasin
  2794 | D:5      | a water moccasin changed into an ice beast
  2794 | D:5      | Noticed an ice beast
  2808 | D:5      | Killed an ice beast
  2916 | D:5      | Noticed a sky beast
  2921 | D:5      | Reached skill level 6 in Unarmed Combat
  2921 | D:5      | Reached XP level 7. HP: 41/67 MP: 7/7
  3305 | D:5      | Reached skill level 1 in Shapeshifting
  3466 | D:5      | Found Puttuemy's Jewellery Boutique.
  3621 | D:5      | Reached XP level 8. HP: 75/78 MP: 8/8
  3744 | D:5      | Found a shadowy altar of Dithmenos.
  3839 | D:6      | Quit the game

Illustrated notes

Levels and vault maps discovered:
D:1:      dpeg_chamrin_arrival_tetris, layout_loops_cross
D:2:      layout_basic, serial_shops, nicolae_shop_hallway_stairs,
          hangedman_glass_teeth, minmay_surrounded, uniq_terence
D:3:      layout_basic, basic_ecumenical_altar, grunt_decor_arrowhead
D:4:      layout_loops_ring
D:5:      layout_loops_ring, marbit_many_paths, nicolae_take_the_stairs
D:6:      layout_cave_pools, minmay_lizard_king

Skill      XL: |  1  2  3  4  5  6  7  8 |
---------------+-------------------------+-----
Unarmed Combat | 1 2 4 6 |  6.5
Fighting       | 1 2 3 |  3.7
Shapeshifting  | 3 4 |  4.0
Short Blades   | |  0.7
Dodging        | |  1.5
Stealth        | |  1.5
Spellcasting   | |  1.2
Hexes          | |  2.0

Action                     |  1- 3 |  4- 6 |  7- 9 || total
---------------------------+-------+-------+-------++-------
  Melee: Unarmed           |   103 |   142 |    85 ||   330
         Punch             |       |       |     1 ||     1
  Evoke: Wand              |       |     1 |       ||     1
   Stab: Sleeping          |     1 |     2 |     1 ||     4
         Distracted        |     1 |       |       ||     1
 Armour: Robe              |    71 |    90 |    69 ||   230
  Dodge: Dodged            |    50 |    44 |    47 ||   141
   Form: Beast             |       |       |     1 ||     1
